 Dungeon Crawl Stone Soup version 0.20-a0-303-g575bbf7 (webtiles) character file.

12595 Gorice the Quickloader (level 12, -7/73 HPs)
             Began as a Kobold Arcane Marksman on Dec 16, 2016.
             Was an Elder of Okawaru.
             Mangled by Snorg (10 damage)
             ... on level 10 of the Dungeon on Dec 17, 2016.
             The game lasted 01:28:53 (16374 turns).

Gorice the Quickloader (Kobold Arcane Marksman)    Turns: 16374, Time: 01:28:54

Health: -7/73      AC: 15    Str: 12      XL:     12   Next: 22%
Magic:  2/13       EV: 18    Int: 11 (12) God:    Okawaru [****..]
Gold:   519        SH:  0    Dex: 16      Spells: 6/13 levels left

rFire  . . .     SeeInvis .     b - +0 arbalest (velocity)
rCold  . . .     Gourm    .     y - +4 ring mail
rNeg   . . .     Faith    .     (shield currently unavailable)
rPois  +         Spirit   .     z - +0 helmet
rElec  .         Reflect  .     o - +2 cloak
rCorr  .         Harm     .     p - +0 pair of gloves
MR     +....                    B - +0 pair of boots
Stlth  +.........               (no amulet)
                                K - ring of poison resistance
                                n - ring of protection from magic

@: no status effects
A: blurry vision 1, carnivore 3, dopey 1
a: Heroism, Renounce Religion


You were on level 10 of the Dungeon.
You worshipped Okawaru.
Okawaru was greatly pleased with you.
You were very hungry.

You visited 3 branches of the dungeon, and saw 13 of its levels.

You collected 630 gold pieces.
You spent 111 gold pieces at shops.

Inventory:

Hand Weapons
 a - a +2 short sword of draining
   (You took it off a kobold on level 1 of the Dungeon)
 b - a +0 arbalest of velocity (weapon)
   (You bought it in a shop on level 4 of the Dungeon)
 I - a +5 flail of freezing
   (You took it off a wight on level 10 of the Dungeon)
Missiles
 d - 42 bolts (quivered)
 Z - 423 stones
Armour
 o - a +2 cloak (worn)
 p - a +0 pair of gloves (worn)
 w - a +2 robe of magic resistance
   (You took it off Erolcha on level 9 of the Dungeon)
 y - a +4 ring mail (worn)
 z - a +0 helmet (worn)
 B - a +0 pair of boots (worn)
 M - a +2 ring mail of fire resistance
   (You found it on level 10 of the Dungeon)
Jewellery
 i - a +3 ring of dexterity
 k - an uncursed ring of positive energy
 n - a ring of protection from magic (left hand)
 D - an uncursed ring of resist corrosion
 K - a ring of poison resistance (right hand)
 L - an uncursed ring of protection from magic
Wands
 f - a wand of lightning (11/15)
 m - a wand of confusion (28/48)
 u - a wand of paralysis (13/24)
 v - a wand of flame (34/48)
 x - a wand of digging (10/24)
 E - a wand of random effects (20/48)
Scrolls
 l - 2 scrolls of identify
 q - a scroll of summoning {unknown}
 r - 7 scrolls of remove curse
 s - 2 scrolls of fog
 N - a scroll of enchant weapon
Potions
 e - 3 potions of flight
 h - 2 potions of curing
 j - a potion of lignification {!q}
 C - 2 potions of cancellation {!q}
 F - a potion of mutation {!q}
 H - 3 potions of agility {!q}
 J - a potion of brilliance {!q}
 Q - 2 potions of might {!q}
Books
 t - a book of Fire
 G - a book of Conjurations
Comestibles
 c - 3 meat rations {!e}
 U - 5 beef jerkies


   Skills:
 + Level 7.6 Fighting
 - Level 6.0 Short Blades
 - Level 13.2 Crossbows
 + Level 0.2 Armour
 + Level 7.7 Dodging
 - Level 1.1 Spellcasting
 - Level 11.0 Hexes
 - Level 2.5 Invocations


You had 6 spell levels left.
You knew the following spells:

 Your Spells              Type           Power        Failure   Level  Hunger
a - Corona                Hex            ###....      1%          1    ##.....
b - Slow                  Hex            ###.....     1%          2    ###....
c - Cause Fear            Hex            ###.......   10%         4    #####..


Dungeon Overview and Level Annotations

Branches:
Dungeon (11/15)            Temple (1/1) D:7            Lair (1/6) D:8
    Orc (0/2) D:11

Altars:
Ashenzari
Cheibriados
Dithmenos
Elyvilon
Fedhas
Gozag
Hepliaklqana
Kikubaaqudgha
Makhleb
Nemelex Xobeh
Okawaru
Qazlal
Ru
Sif Muna
Trog
Uskayaw
Vehumet
Xom
Yredelemnul
Zin
The Shining One

Shops:
D:4 (

Annotations:
D:10 Snorg
Lair:1 7hhydra wt!


Innate Abilities, Weirdness & Mutations

You are small and have problems with some larger weapons.
You are carnivorous and can eat meat at any time.
Scrolls take you a little longer to read.
You are dopey. (Int -2)


Message History

Level annotation: Snorg Snorg shouts!
There is a stone staircase leading down here.
Unknown command.
Unknown command.
Unknown command.
Unknown command.
Unknown command.
Unknown command.
Unknown command.
Unknown command.
Unknown command.
Unknown command.
The kobold demonologist closely misses you.
The kobold demonologist barely misses you.
The kobold demonologist completely misses you.
You feel like a meek peon again.
The kobold demonologist mumbles some strange words.
An ogre comes into view. It is wielding a giant club.
Casting: Slow
Confirm with . or Enter, or press ? or * to list all spells.
Aiming: Slow
Press: ? - help, Shift-Dir - straight line, f - Snorg
Aim: Snorg (chance to defeat MR: 29%) Snorg easily resists.
The kobold demonologist mumbles some strange words.
Snorg goes berserk!
The kobold demonologist casts a cantrip, but nothing happens.
The kobold demonologist casts a spell.
Snorg rages.
Snorg barely misses you. x2; Snorg claws you!
Damage: 7 (max 15) Snorg completely misses you.
Snorg closely misses you. Snorg claws you. Damage: 3 (max 15) Snorg bites you!!
* * * LOW HITPOINT WARNING * * *
Snorg claws you but does no damage. Snorg claws you!
* * * LOW HITPOINT WARNING * * *
Damage: 36 (max 36) Unknown command.
Okay, then.
Evoke which item? (* to show all) (? for menu, Esc to quit)
Zapping:
u - a wand of paralysis (?/24) {recharged} (will waste charges)
Press: ? - help, Shift-Dir - straight line, f/p - Snorg
Aim: Snorg (berserk, fast, unusually strong, chance to defeat MR: 15%) Snorg resists with almost no effort.
Evoking this partially-identified wand wasted a few charges.
Snorg completely misses you. Snorg closely misses you. Snorg misses you.
Snorg closely misses you. Snorg claws you!
You die...

#########'.#......# #.# #......
#..........##..# #.####......
#..........##..# #..[.)......
#..........###.# ######.)>..#
#..........+...# #.).).'
#.....)....###.# #.T...#
#..[.......# #.## #..K..#
####..........###..##########4###
................@T3.4.K..........
############..####.##########.###
.........# #..## #.# #.# #
########.# ##..# #.## ###.###
.........# #..###..# #......
########## ##..###.# #.#.###
>.....# #..###.# #.#.... #####.#
#...##.# #####..O... #####.#
##..##.# #..........


You could see Snorg (berserk), a sun demon, a kobold demonologist and a chaos
spawn.

Vanquished Creatures
  Erolcha (D:9)
  4 two-headed ogres
  A sixfirhy (D:8)
  A centaur zombie (D:10)
  2 spiny frogs (Lair:1)
  A troll (D:10)
  2 hippogriffs
  Sigmund (D:6)
  Eustachio (D:5)
  A spriggan (D:8)
  2 yaks (D:8)
  3 hungry ghosts
  An acid dragon (D:11)
  2 water moccasins
  4 porcupines
  2 ice beasts
  An orc warrior (D:11)
  An eye of draining (D:9)
  2 sky beasts (D:9)
  2 phantoms
  2 black bears
  4 ogres
  A necrophage (D:8)
  7 centaurs
  A wolf (Lair:1)
  3 crocodiles
  10 bullfrogs
  3 big kobolds
  A water moccasin skeleton (D:10)
  13 killer bees
  4 scorpions
  3 troll zombies (D:11)
  13 wights
  2 bullfrog zombies
  2 crimson imps
  5 hounds
  2 orc priests
  2 bullfrog skeletons
  A gnoll shaman (D:4)
  An orc wizard (D:11)
  A centaur skeleton (D:7)
  6 iguanas
  4 worker ants
  A killer bee zombie (D:7)
  An ogre zombie (D:11)
  2 hound skeletons
  10 gnolls
  9 adders
  3 oozes
  2 adder skeletons (D:4)
  2 worms
  A dart slug (D:2)
  2 leopard geckos
  18 orcs
  5 bats
  6 giant cockroaches
  6 goblins
  8 hobgoblins
  9 jackals
  5 quokkas
  A ball python (D:1)
  3 frilled lizards
  A giant cockroach zombie (D:5)
  2 goblin zombies (D:11)
  A hobgoblin zombie (D:11)
  15 kobolds
  4 orc skeletons (D:11)
  8 orc zombies (D:11)
  A quokka skeleton (D:4)
  7 rats
259 creatures vanquished.

Vanquished Creatures (others)
  19 fungi (D:8)
  6 plants (D:8)
25 creatures vanquished.

Grand Total: 284 creatures vanquished

Notes
Turn   | Place    | Note
-------+----------+-------------------------------------------
     0 | D:1      | Gorice the Kobold Arcane Marksman began the quest for the Orb.
     0 | D:1      | Reached XP level 1. HP: 12/12 MP: 2/2
    48 | D:1      | HP: 1/12 [kobold/dagger (4)]
   166 | D:1      | Reached XP level 2. HP: 7/16 MP: 3/3
   724 | D:1      | Reached skill level 3 in Crossbows
   761 | D:1      | Reached XP level 3. HP: 20/20 MP: 2/4
  1060 | D:2      | Learned a level 2 spell: Slow
  1074 | D:2      | Reached skill level 1 in Short Blades
  1315 | D:2      | Reached XP level 4. HP: 16/25 MP: 3/5
  1357 | D:2      | HP: 6/25 [adder (3)]
  1360 | D:2      | HP: 2/25 [poisoned by an adder]
  1890 | D:3      | Reached skill level 2 in Short Blades
  1969 | D:3      | Reached skill level 4 in Crossbows
  1969 | D:3      | Reached skill level 4 in Hexes
  1983 | D:3      | Reached XP level 5. HP: 20/29 MP: 2/6
  2397 | D:3      | Noticed an ogre
  2524 | D:3      | Killed an ogre
  2524 | D:3      | Reached skill level 3 in Short Blades
  2524 | D:3      | Reached XP level 6. HP: 34/34 MP: 0/7
  2896 | D:3      | Reached skill level 5 in Crossbows
  3081 | D:4      | Found Tofippol's Weapon Shop.
  3089 | D:4      | Bought a +0 arbalest of flaming for 111 gold pieces
  3156 | D:4      | HP: 10/34 [scorpion (7)]
  3161 | D:3      | HP: 6/34 [poisoned by a scorpion]
  3169 | D:3      | HP: 8/51 [poisoned by a scorpion]
  3177 | D:3      | HP: 7/51 [poisoned by a scorpion]
  3274 | D:2      | Found a shadowy altar of Dithmenos.
  3513 | D:4      | Noticed an ogre
  3521 | D:4      | Killed an ogre
  3521 | D:4      | Reached skill level 4 in Short Blades
  3521 | D:4      | Reached skill level 5 in Hexes
  3521 | D:4      | Reached XP level 7. HP: 34/38 MP: 3/8
  4306 | D:4      | Reached skill level 5 in Short Blades
  4306 | D:4      | Reached skill level 6 in Crossbows
  4530 | D:5      | Entered Level 5 of the Dungeon
  4694 | D:5      | HP: 9/38 [centaur/arrow (3)]
  4695 | D:5      | Reached XP level 8. HP: 11/43 MP: 4/9
  4973 | D:5      | Reached skill level 6 in Hexes
  5072 | D:5      | Reached skill level 6 in Short Blades
  5802 | D:6      | Noticed Eustachio
  6062 | D:6      | Noticed Sigmund
  6173 | D:6      | HP: 12/43 [centaur/arrow (5)]
  6519 | D:5      | HP: 19/64 [poisoned by Sigmund]
  6524 | D:5      | HP: 13/64 [poisoned by Sigmund]
  6529 | D:5      | HP: 10/64 [poisoned by Sigmund]
  6534 | D:5      | HP: 7/64 [poisoned by Sigmund]
  6539 | D:5      | HP: 6/64 [poisoned by Sigmund]
  6544 | D:5      | HP: 5/64 [poisoned by Sigmund]
  6552 | D:5      | HP: 4/64 [poisoned by Sigmund]
  6872 | D:5      | Killed Eustachio
  6872 | D:5      | Reached skill level 7 in Crossbows
  7009 | D:6      | Killed Sigmund
  7009 | D:6      | Reached skill level 7 in Hexes
  7187 | D:6      | Reached skill level 8 in Crossbows
  7187 | D:6      | Reached XP level 9. HP: 43/47 MP: 4/10
  7512 | D:7      | Reached skill level 8 in Hexes
  7562 | D:7      | Reached skill level 9 in Crossbows
  8036 | D:7      | Found a staircase to the Ecumenical Temple.
  8038 | D:7      | Got a smoking plate armour
  8064 | Temple   | Entered the Ecumenical Temple
  8250 | Temple   | Identified the +4 plate armour "Coighiedgh" {rN+ Str+4 Dex+3} (You found it on level 7 of the Dungeon)
  8447 | D:7      | Learned a level 4 spell: Cause Fear
  8576 | D:8      | Found an iron altar of Okawaru.
  8614 | D:8      | Reached skill level 10 in Crossbows
  8622 | D:8      | Reached skill level 9 in Hexes
  8643 | D:8      | HP: 7/47 [crocodile (12)]
  8666 | D:7      | HP: 15/70 [porcupine (1)]
  8672 | D:7      | Reached XP level 10. HP: 14/52 MP: 7/11
  9119 | D:8      | Became a worshipper of Warmaster Okawaru
  9143 | D:8      | Found a staircase to the Lair.
  9550 | D:8      | Reached skill level 11 in Crossbows
  9679 | D:8      | Reached skill level 10 in Hexes
  9837 | D:8      | Reached * piety under Okawaru
 10080 | D:8      | Found a basalt altar of Yredelemnul.
 10247 | D:8      | Found a runed door.
 10250 | D:8      | Noticed a sixfirhy
 10255 | D:8      | HP: 8/52 [sixfirhy (12)]
 10568 | D:8      | Killed a sixfirhy
 10844 | Lair:1   | Entered Level 1 of the Lair of Beasts
 10922 | Lair:1   | Noticed a spiny frog
 10931 | Lair:1   | Killed a spiny frog
 10931 | Lair:1   | Reached skill level 12 in Crossbows
 10938 | Lair:1   | Noticed a spiny frog
 10948 | Lair:1   | Killed a spiny frog
 10948 | Lair:1   | Reached ** piety under Okawaru
 11208 | Lair:1   | Noticed a seven-headed hydra
 11226 | Lair:1   | Noticed a komodo dragon
 11289 | D:9      | Noticed a two-headed ogre
 11885 | D:9      | Reached XP level 11. HP: 56/56 MP: 7/12
 11954 | D:9      | Reached skill level 11 in Hexes
 11955 | D:9      | Found a sparkling altar of Nemelex Xobeh.
 12053 | D:9      | Noticed Erolcha
 12053 | D:9      | Noticed a two-headed ogre
 12119 | D:9      | Killed Erolcha
 12119 | D:9      | Reached skill level 3 in Fighting
 12402 | D:8      | Killed a two-headed ogre
 12402 | D:8      | Reached skill level 13 in Crossbows
 12402 | D:8      | Reached skill level 2 in Invocations
 12588 | D:8      | Killed a two-headed ogre
 12588 | D:8      | Reached *** piety under Okawaru
 12588 | D:8      | Reached skill level 4 in Fighting
 12588 | D:8      | Reached skill level 3 in Dodging
 12783 | D:9      | Found a blossoming altar of Fedhas.
 13008 | D:9      | Reached skill level 4 in Dodging
 13287 | D:9      | Received a gift from Okawaru
 13292 | D:9      | --yay 26 bolts, just as I was running low!
 13720 | D:9      | Reached skill level 5 in Fighting
 13775 | D:10     | Entered Level 10 of the Dungeon
 13920 | D:10     | Reached skill level 5 in Dodging
 14071 | D:10     | Noticed a two-headed ogre
 14093 | D:10     | Killed a two-headed ogre
 14093 | D:10     | Reached **** piety under Okawaru
 14359 | D:10     | Reached skill level 6 in Fighting
 14415 | D:10     | Reached skill level 6 in Dodging
 14585 | D:10     | Noticed a two-headed ogre
 14624 | D:10     | Killed a two-headed ogre
 14624 | D:10     | Received a gift from Okawaru
 14624 | D:10     | Reached XP level 12. HP: 71/71 MP: 11/13
 15121 | D:10     | Reached skill level 7 in Fighting
 15121 | D:10     | Reached skill level 7 in Dodging
 15381 | D:11     | Found a staircase to the Orcish Mines.
 15674 | D:11     | Noticed Snorg
 16267 | D:11     | Found a shimmering altar of Xom.
 16268 | D:11     | Found a shimmering altar of Xom.
 16268 | D:11     | Found a shimmering altar of Xom.
 16295 | D:11     | Found a shimmering altar of Xom.
 16295 | D:11     | Found a shimmering altar of Xom.
 16295 | D:11     | Found a shimmering altar of Xom.
 16296 | D:11     | Found a shimmering altar of Xom.
 16297 | D:11     | Found a shimmering altar of Xom.
 16324 | D:11     | HP: 17/73 [centaur/arrow (7)]
 16344 | D:11     | Gained mutation: Scrolls take you a little longer to read. [a neqoxec]
 16346 | D:11     | Gained mutation: You are dopey. (Int -2) [a neqoxec]
 16351 | D:11     | Noticed a sixfirhy
 16361 | D:10     | Noticed a sun demon
 16372 | D:10     | HP: 12/73 [Snorg (26)]
 16372 | D:10     | HP: 2/73 [Snorg (10)]
 16374 | D:10     | Mangled by Snorg

Vault maps used:
D:1:      tarquinn_simple_flora_water_b, st_stairs_9, minmay_misc_feat_tiny
D:2:      nicolae_overflow_hidden_temple, kennysheep_cluttered_room
D:4:      serial_shops, shop_fountains, minmay_splitting_lines
D:5:      first_bread
D:6:      uniq_eustachio, uniq_sigmund
D:8:      cheibrodos_shockbox, kennysheep_little_box, lemuel_round_altar,
          due_lair_maze_entry_diamond, grunt_pizzeria
D:9:      nemelex_xobeh_ov_fountains_minmay, nicolae_overflow_crystal_walls,
          serial_co_window_serial, co_window_corner_a, co_window_corner_a,
          co_window_paths_b, co_window_of_opportunity_a, co_window_paths_a,
          co_window_broadway_b, co_window_unsneaky_path_c, co_window_2corner,
          co_window_of_opportunity_b, co_window_unsneaky_path_a,
          co_window_2corner, uniq_erolcha
D:10:     kennysheep_decorative_pillar
D:11:     zombieorc1_lemuel, xom_shifter_show, uniq_snorg
Temple:   eino_temple_scatter_basement

Skill      XL: |  1  2  3  4  5  6  7  8  9 10 11 12 |
---------------+-------------------------------------+-----
Crossbows      | 3 4 5 6 8 10 12 13 | 13.2
Short Blades   | 1 2 3 4 5 6 |  6.0
Hexes          | 4 5 7 9 10 11 | 11.0
Fighting       | 6 7 |  7.6
Invocations    | 2 |  2.5
Dodging        | 6 7 |  7.7
Armour         | |  0.2
Spellcasting   | |  1.1

Action                   |  1- 3 |  4- 6 |  7- 9 | 10-12 || total
-------------------------+-------+-------+-------+-------++-------
Melee: Short sword       |    22 |    11 |       |    75 ||   108
       Arbalest          |       |       |       |     4 ||     4
 Fire: Hand crossbow     |    61 |    79 |       |       ||   140
       Arbalest          |       |    11 |   226 |   413 ||   650
Throw: Stone             |       |       |       |     1 ||     1
 Cast: Corona            |    30 |    34 |    68 |   136 ||   268
       Slow              |       |    16 |    54 |   128 ||   198
       Cause Fear        |       |       |       |     2 ||     2
Invok: Heroism           |       |       |       |     9 ||     9
Evoke: Wand              |       |       |       |     1 ||     1
  Use: Scroll            |     2 |     6 |    11 |    12 ||    31
       Potion            |       |     4 |     3 |     2 ||     9
  Eat: Chunk             |    11 |     9 |    21 |    49 ||    90
Armor: Robe              |    16 |     3 |       |       ||    19
       Ring mail         |       |     5 |   127 |   139 ||   271
       Skin              |       |       |     6 |       ||     6
Dodge: Dodged            |    49 |    54 |   180 |   398 ||   681

Table legend:
 A = Turns spent in this place as a percentage of turns spent in the entire game.
 B = Non-inter-level travel turns spent in this place as a percentage of non-inter-level travel turns spent in the entire game.
 C = Inter-level travel turns spent in this place as a percentage of turns spent in this place.
 D = Turns resting spent in this place as a percentage of non-inter-level travel turns spent in this place.
 E = Turns spent auto-exploring this place as a percentage of non-inter-level travel turns spent in this place.
 F = Non-inter-level travel turns spent in this place divided by the number of levels of this place that you've seen.
                   A       B       C       D       E      F
               +-------+-------+-------+-------+-------+----------------------
         Total | 100.0 | 100.0 |   0.6 |   2.7 |   4.4 | 447.9
       Dungeon |  97.1 |  97.1 |   0.6 |   2.7 |   4.1 | 514.0
        Temple |   0.5 |   0.4 |   7.4 |   0.0 |  60.0 |  25.0
          Lair |   2.5 |   2.5 |   0.0 |   2.1 |   7.6 | 144.0
               +-------+-------+-------+-------+-------+----------------------

Vault maps used:
D:1:      tarquinn_simple_flora_water_b, st_stairs_9, minmay_misc_feat_tiny
D:2:      nicolae_overflow_hidden_temple, kennysheep_cluttered_room
D:4:      serial_shops, shop_fountains, minmay_splitting_lines
D:5:      first_bread
D:6:      uniq_eustachio, uniq_sigmund
D:8:      cheibrodos_shockbox, kennysheep_little_box, lemuel_round_altar,
          due_lair_maze_entry_diamond, grunt_pizzeria
D:9:      nemelex_xobeh_ov_fountains_minmay, nicolae_overflow_crystal_walls,
          serial_co_window_serial, co_window_corner_a, co_window_corner_a,
          co_window_paths_b, co_window_of_opportunity_a, co_window_paths_a,
          co_window_broadway_b, co_window_unsneaky_path_c, co_window_2corner,
          co_window_of_opportunity_b, co_window_unsneaky_path_a,
          co_window_2corner, uniq_erolcha
D:10:     kennysheep_decorative_pillar
D:11:     zombieorc1_lemuel, xom_shifter_show, uniq_snorg
Temple:   eino_temple_scatter_basement
